 Dungeon Crawl Stone Soup version 0.31.0-12-g77e489cdc1 (webtiles) character file.

Game seed: 16098242430156972795

4648 sking99 the Destroyer (level 10, -8/59 HPs)
             Began as a Deep Elf Conjurer on Feb 23, 2024.
             Was a Believer of Vehumet.
             Mangled by a three-headed hydra (10 damage)
             ... on level 8 of the Dungeon.
             The game lasted 00:25:39 (9734 turns).

sking99 the Destroyer (Deep Elf Conjurer)           Turns: 9734, Time: 00:25:39

Health: -8/59      AC:  7    Str:  8    XL:     10   Next: 20%
Magic:  15/23      EV: 14    Int: 24    God:    Vehumet [**....]
Gold:   520        SH:  0    Dex: 13    Spells: 13/24 levels left

rFire   . . .        f - staff of conjuration
rCold   . . .        (no shield)
rNeg    . . .        a - +0 robe
rPois   .            D - +1 helmet {SInv}
rElec   .            u - +1 cloak
rCorr   .            k - +0 pair of gloves
SInv    +            (no boots)
Will    +....        n - amulet of regeneration
Stlth   ++           (no ring)
HPRegen 1.09/turn    (no ring)
MPRegen 0.18/turn

%: no passive effects
@: no status effects
A: no striking features
a: Renounce Religion


You were on level 8 of the Dungeon.
You worshipped Vehumet.
Vehumet was pleased with you.
You visited 1 branch of the dungeon, and saw 8 of its levels.
You also visited: Sewer.

You collected 520 gold pieces.

Inventory:

Hand Weapons
 r - a +2 dagger of draining
Armour
 a - a +0 robe (worn)
 k - a +0 pair of gloves (worn)
 u - a +1 cloak (worn)
 D - a +1 helmet of see invisible (worn)
Magical Staves
 f - a staff of conjuration (weapon)
Jewellery
 i - an amulet of the acrobat
 n - an amulet of regeneration (around neck)
 w - a ring of magical power
Talismans
 z - a storm talisman
Wands
 p - a wand of polymorph (20)
 v - a wand of iceblast (6)
Scrolls
 d - 3 scrolls of amnesia
 h - a scroll of fog
 o - 2 scrolls of blinking {unknown}
 q - a scroll of vulnerability
 t - 3 scrolls of teleportation
 y - 2 scrolls of identify
 C - a scroll of revelation {unknown}
 E - a scroll of poison {unknown}
Potions
 b - a potion of magic
 c - 5 potions of curing
 e - a potion of degeneration {unknown}
 g - 3 potions of heal wounds {unknown}
 j - a potion of invisibility {unknown}
 l - 4 potions of haste
 m - 2 potions of might {unknown}
 s - 2 potions of attraction {unknown}
 x - a potion of cancellation {unknown}
 A - a potion of resistance {unknown}
 B - 2 potions of ambrosia {unknown}


   Skills:
 + Level 5.5 Fighting
 * Level 4.9 Staves
 + Level 6.1 Dodging
 - Level 3.7 Stealth
 - Level 7.7 Spellcasting
 - Level 10.0 Conjurations
 - Level 4.0 Translocations
 - Level 4.0 Alchemy


You had 13 spell levels left.
You knew the following spells:

 Your Spells              Type           Power      Damage    Failure   Level
a - Magic Dart            Conj           100%       1d8       1%          1
b - Searing Ray           Conj           100%       2d8       1%          2
c - Fulminant Prism       Conj/Alch      29%        3d14      3%          4
d - Iskenderun's Mystic   Conj/Tloc      59%        2d12      3%          4

Your spell library contained the following spells:

 Spells                   Type           Power      Damage    Failure   Level
 Scorch                   Fire           18%        2d5       10%         2
 Dazzling Flash           Conj/Hex       98%        N/A       2%          3
 Mephitic Cloud           Conj/Alch/Air  47%        N/A       3%          3
 Ensorcelled Hibernation  Hex/Ice        18%        N/A       10%         2
 Irradiate                Conj/Alch      29%        3d21      11%         5
 Passage of Golubria      Tloc           28%        N/A       13%         4
 Fugue of the Fallen      Necr           9%         N/A       21%         3
 Inner Flame              Hex/Fire       9%         N/A       21%         3
 Tukima's Dance           Hex            9%         N/A       21%         3
 Anguish                  Hex/Necr       4%         N/A       54%         4
 Yara's Violent Unravell  Hex/Alch       9%         3d6       63%         5
 Curse of Agony           Necr           9%         N/A       88%         5
 Silence                  Hex/Air        4%         N/A       88%         5
 Ignition                 Fire           4%         3d4       100%        8


Dungeon Overview and Level Annotations

Branches:
Dungeon (8/15)             Temple (0/1) D:6           Sewer (visited)
   Lair: D:8-11

Altars:
Cheibriados
Dithmenos
Elyvilon
Gozag
Hepliaklqana
Kikubaaqudgha
Okawaru
Trog
Uskayaw
Vehumet
Xom
Zin

Shops:
D:5 =

Annotations:
D:6 2 transporters, nms23's ghost, novice DsSh
D:8 3 runed translucent doors, KineticRobot's ghost, novice HOFi


Message History

Aiming: Fulminant Prism (dangerous; 3% risk of failure)
Press: ? - help, Dir - move target You feel a surge of power!
You conjure a prism of explosive energy!
A fulminant prism comes into view.
You hear a loud crackle.
Things that are here:
a +0 dagger; 6 poisoned darts; a kobold corpse
Casting: Fulminant Prism (dangerous; 3% risk of failure)
Confirm with . or Enter, or press ? or * to list all spells.
Aiming: Searing Ray (safe; 1% risk of failure)
Press: ? - help, Shift-Dir - straight line, f - three-headed hydra
Aim: a three-headed hydra (94% to hit)
You feel a surge of power!
The searing ray hits the three-headed hydra.
The three-headed hydra is lightly wounded. (Press . to maintain the ray.)
The three-headed hydra barely misses you.
The three-headed hydra closely misses you.
The three-headed hydra bites you!
You hear an explosion!
The blast of energy engulfs the three-headed hydra!!
The three-headed hydra is heavily wounded.
The searing ray hits the three-headed hydra!
The three-headed hydra is severely wounded.
The three-headed hydra bites you. The three-headed hydra bites you!
The three-headed hydra bites you.
The searing ray hits the three-headed hydra!
The three-headed hydra is severely wounded.
The three-headed hydra bites you! The three-headed hydra misses you.
The three-headed hydra bites you but does no damage.
The searing ray hits the three-headed hydra!
The three-headed hydra is almost dead.
You finish channelling your searing ray.
The three-headed hydra bites you!
* * * LOW HITPOINT WARNING * * *
The three-headed hydra bites you!
* * * LOW HITPOINT WARNING * * *
The three-headed hydra bites you!
You die...

##.........# #
#..........# #
#..........# #
#.##########
#.######## ##########
#.##.....#..#........
#.##.♣.♣.'. #.#######
#.##~.♣.. .#........
#..)@♣*♣.'..#.##.#.#.
#.##.D...#..#.##.#.#.
#.##~.~~~##'#.##.#.#.
#.##P~)~~# #.##.#<#.
#.##PP~P.+ #......#.
#.###########..#.....
#.# #...#.#..... #.#
#####.#.#.#.###. #.#
#.....#...#.####


You could see a three-headed hydra.

Vanquished Creatures
  2 dream sheep (D:8)
  5 yaks (D:8)
  The ghost of Athor the Ducker, an amateur FeFi (D:4)
  Duvessa (D:4)
  An orc warrior (D:6)
  3 water moccasins
  An ice beast (D:7)
  4 sky beasts
  3 ogres
  8 kobold brigands
  Blork the orc (D:4)
  4 bullfrogs
  A brain worm (Sewer)
  3 scorpions
  3 wights (D:7)
  Dowan (D:4)
  2 howler monkeys (D:8)
  5 jellies
  An orc priest (D:3)
  A gnoll bouda (D:7)
  2 hounds (D:5)
  2 sleepcaps
  An iguana (D:7)
  6 orc wizards
  Robin (D:4)
  4 gnolls (D:7)
  13 adders
  3 river rats (Sewer)
  2 shadow imps
  2 ufetubi (D:5)
  3 dart slugs
  3 ribbon worms
  22 orcs
  12 endoplasms
  4 giant cockroaches
  10 goblins
  5 hobgoblins
  3 jackals (D:2)
  9 quokkas
  13 ball pythons
  A bat (D:2)
  2 frilled lizards (D:1)
  15 kobolds
  9 rats
198 creatures vanquished.

Vanquished Creatures (others)
  22 fulminant prisms
22 creatures vanquished.

Grand Total: 220 creatures vanquished

Notes
Turn   | Place    | Note
-------+----------+-------------------------------------------
     0 | D:1      | sking99 the Deep Elf Conjurer began the quest for the Orb.
     0 | D:1      | Reached XP level 1. HP: 10/10 MP: 6/6
   319 | D:1      | Reached XP level 2. HP: 15/15 MP: 5/8
  1168 | D:2      | Learned a level 2 spell: Searing Ray
  1192 | D:2      | Reached XP level 3. HP: 20/20 MP: 2/9
  1522 | D:2      | Reached skill level 5 in Conjurations
  1947 | D:2      | Found a faded altar of an unknown god.
  2049 | D:3      | Found a faded altar of an unknown god.
  2049 | D:3      | Found the Hermit's Pendant {Faith Invo=14 Evo=0 MP+5}
  2210 | D:3      | Reached skill level 1 in Fighting
  2319 | D:3      | Reached XP level 4. HP: 25/25 MP: 15/15
  2498 | D:3      | Found a hazy altar of Hepliaklqana.
  2511 | D:3      | Found a glowing drain.
  2528 | Sewer    | Entered a sewer
  2585 | Sewer    | Noticed a kobold brigand
  2596 | Sewer    | Killed a kobold brigand
  2597 | Sewer    | Reached XP level 5. HP: 25/29 MP: 9/16
  2848 | Sewer    | Learned a level 4 spell: Fulminant Prism
  3158 | Sewer    | Reached XP level 6. HP: 35/35 MP: 15/18
  3220 | Sewer    | Reached skill level 6 in Conjurations
  3220 | Sewer    | Reached skill level 1 in Alchemy
  4014 | D:4      | Found a radiant altar of Vehumet.
  4023 | D:4      | Became a worshipper of Vehumet
  4150 | D:4      | Found a snail-covered altar of Cheibriados.
  4231 | D:4      | Noticed Blork the orc
  4239 | D:4      | Killed Blork the orc
  4240 | D:4      | Reached skill level 5 in Spellcasting
  4240 | D:4      | Reached XP level 7. HP: 22/40 MP: 14/19
  4321 | D:4      | Found a runed translucent door.
  4322 | D:4      | Noticed Athor's ghost (amateur FeFi)
  4359 | D:4      | Noticed Duvessa
  4359 | D:4      | Noticed Dowan
  4368 | D:4      | Killed Duvessa
  4373 | D:4      | Killed Dowan
  4374 | D:4      | Reached skill level 7 in Conjurations
  4501 | D:4      | Killed Athor's ghost
  4881 | D:4      | Noticed Robin
  4889 | D:4      | Killed Robin
  5098 | D:4      | Noticed a +0 falchion
  5099 | D:4      | Noticed a +0 short sword
  5099 | D:4      | Noticed a +0 spear
  5099 | D:4      | Noticed a +0 spear
  5099 | D:4      | Noticed a +0 short sword
  5100 | D:4      | Noticed a +0 dagger
  5100 | D:4      | Noticed a +0 dagger
  5101 | D:4      | Noticed a +0 falchion
  5114 | D:4      | Found a hide-covered altar of Uskayaw.
  5191 | D:5      | Entered Level 5 of the Dungeon
  5192 | D:5      | Identified a scroll of acquirement
  5192 | D:5      | Acquired a staff of conjuration
  5210 | D:5      | Reached XP level 8. HP: 41/44 MP: 11/18
  5215 | D:5      | Learned a level 4 spell: Iskenderun's Mystic Blast
  5298 | D:5      | Found Zeas Amm's One-of-a-Kind Rings.
  5457 | D:5      | Reached skill level 1 in Translocations
  5461 | D:5      | Reached skill level 8 in Conjurations
  6041 | D:5      | Found an iron altar of Okawaru.
  6669 | D:6      | Reached * piety under Vehumet
  6669 | D:6      | Offered knowledge of Foxfire by Vehumet.
  7003 | D:6      | Found a staircase to the Ecumenical Temple.
  7142 | D:6      | Found a transporter.
  7142 | D:6      | Noticed nms23's ghost (novice DsSh)
  7143 | D:6      | Found a transporter.
  7143 | D:6      | Identified the +3 great mace "Wieg" {heavy, rElec rN+}
  7143 | D:6      | Noticed a two-headed ogre
  7209 | D:6      | Reached skill level 9 in Conjurations
  7471 | D:6      | Reached XP level 9. HP: 44/52 MP: 10/21
  7851 | D:7      | Reached ** piety under Vehumet
  7851 | D:7      | Offered knowledge of Kiss of Death by Vehumet.
  7948 | D:7      | Identified the +11 whip of Pujem {freeze, Int+2}
  8062 | D:7      | Found a shadowy altar of Dithmenos.
  8062 | D:7      | Found an ancient bone altar of Kikubaaqudgha.
  8064 | D:7      | Found a white marble altar of Elyvilon.
  8462 | D:7      | Found an opulent altar of Gozag.
  8462 | D:7      | Found a glowing silver altar of Zin.
  8637 | D:7      | Reached skill level 10 in Conjurations
  8690 | D:7      | Reached skill level 1 in Staves
  9027 | D:8      | Found a bloodstained altar of Trog.
  9067 | D:8      | Reached skill level 5 in Fighting
  9067 | D:8      | Reached skill level 5 in Dodging
  9188 | D:8      | Found a shimmering altar of Xom.
  9353 | D:8      | Found a runed translucent gate.
  9353 | D:8      | Found a runed translucent gate.
  9353 | D:8      | Found a runed translucent gate.
  9356 | D:8      | Noticed an 11-headed hydra
  9357 | D:8      | Noticed KineticRobot's ghost (novice HOFi)
  9409 | D:8      | Offered knowledge of Scorch by Vehumet.
  9413 | D:8      | Reached XP level 10. HP: 54/59 MP: 18/23
  9726 | D:8      | Noticed a three-headed hydra
  9734 | D:8      | HP: 2/59 [three-headed hydra (12)]
  9734 | D:8      | Mangled by a three-headed hydra

Illustrated notes

Levels and vault maps discovered:
D:1:      nagdon_arrival_double_spiral, layout_basic, minmay_misc_feat_chi
D:2:      layout_basic, dilly_ecumenical_altar_fadedgnrine,
          kennysheep_cross_bottleneck, minmay_surrounded
D:3:      layout_basic, mainiacjoe_overflow_tiny_flanked, portal_sewer_entry_f,
          hellmonk_guarded_unrand_hermit
D:4:      layout_rooms, nicolae_vehumet_radiance, kennysheep_slug_shrine,
          nicolae_uskayaw_en_pointe, ebering_ghost_reflecting_pool,
          minmay_misc_feat_secret_circle, uniq_blork_the_orc, uniq_robin,
          uniq_duvessa
D:5:      layout_gridville, okawaru_trees_1, serial_co_window_serial,
          co_window_paths_b, co_window_paths_a, co_window_corner_a,
          co_window_paths_b, co_window_paths_b, co_window_unsneaky_path_a,
          co_window_corner_b, co_window_broadway_a, co_window_broadway_c,
          glass_columns_b, glass_columns_c, glass_columns_a,
          nicolae_shop_unique_rings
D:6:      layout_loops_ring, temple_hall, gammafunk_ghost_smash
D:7:      layout_cave_pods, grunt_temple_overflow_gold_and_silver,
          chequers_temple_overflow_statue_of_worship
D:8:      layout_basic, lemuel_crystal_altar, general_overflow_altar,
          gammafunk_ghost_hydra_chop, hangedman_ranch

Skill      XL: |  1  2  3  4  5  6  7  8  9 10 |
---------------+-------------------------------+-----
Dodging        | 3 5 6 |  6.1
Stealth        | 3 |  3.7
Conjurations   | 5 6 7 9 10 | 10.0
Fighting       | 1 2 3 4 5 |  5.5
Spellcasting   | 4 5 7 |  7.7
Alchemy        | 2 3 4 |  4.0
Translocations | 3 4 |  4.0
Staves         | 4 |  4.9

Action                     |  1- 3 |  4- 6 |  7- 9 | 10-12 || total
---------------------------+-------+-------+-------+-------++-------
  Melee: Unarmed           |       |       |     2 |       ||     2
         Staff             |       |       |     4 |       ||     4
   Cast: Magic Dart        |    78 |   104 |   128 |     9 ||   319
         Searing Ray       |     3 |    14 |    36 |     6 ||    59
         Fulminant Prism   |       |       |    19 |     3 ||    22
         Iskenderun's Myst |       |       |     1 |       ||     1
    Use: Scroll            |     9 |       |     2 |       ||    11
 Armour: Robe              |     1 |    12 |    40 |    13 ||    66
  Dodge: Dodged            |    19 |    16 |    52 |     8 ||    95
